 Dungeon Crawl Stone Soup version 0.31-a0-986-g5e6e4ef867 (webtiles) character file.

Game seed: 1158561658552596925

16611 Crabhammer the Martial Artist (level 12, -1/72 HPs)
             Began as an Octopode Summoner on Nov 25, 2023.
             Was a Priest of Wu Jian.
             Killed from afar by a hell hound (7 damage)
             ... with a blast of flame
             ... led by Azrael
             ... on level 12 of the Dungeon.
             The game lasted 01:35:07 (18803 turns).

Crabhammer the Martial Artist (Octopode Summoner)  Turns: 18803, Time: 01:35:08

Health: -1/72      AC:  1    Str: 13    XL:     12   Next: 39%
Magic:  14/22      EV: 21    Int: 17    God:    Wu Jian [***...]
Gold:   637        SH:  0    Dex: 24    Spells: 7/24 levels left

rFire   + .          .
                       - Unarmed
rCold   . . .        (no shield)
rNeg    + . .        (helmet restricted)
rPois   .            (no amulet)
rElec   .            i - ring of flight
rCorr   .            j - +6 ring of strength
SInv    .            t - +5 ring of evasion
Will    +....        x - +6 ring of dexterity
Stlth   +++++        A - ring of positive energy
HPRegen 0.32/turn    h - ring of willpower
MPRegen 0.18/turn    D - ring of protection from fire
                     (no ring)

%: no passive effects
@: about to teleport, flying
A: almost no armour, amphibious, 8 rings, camouflage 1, gelatinous body 1,
(nimble swimmer 1), tentacles
a: Renounce Religion, Wall Jump, Serpent's Lash


You were on level 12 of the Dungeon.
You worshipped Wu Jian.
Wu Jian was most pleased with you.
You visited 2 branches of the dungeon, and saw 13 of its levels.

You collected 747 gold pieces.
You spent 110 gold pieces at shops.

Inventory:

Missiles
 C - a throwing net
Armour
 u - an orb of mayhem
Jewellery
 h - a ring of willpower (on tentacle)
 i - a ring of flight (left tentacle)
 j - a +6 ring of strength (right tentacle)
 r - a ring of ice
 t - a +5 ring of evasion (on tentacle)
 x - a +6 ring of dexterity (on tentacle)
 A - a ring of positive energy (on tentacle)
 D - a ring of protection from fire (on tentacle)
Talismans
 c - a serpent talisman
 E - a blade talisman
Wands
 g - a wand of acid (2)
 n - a wand of iceblast (6)
 p - a wand of flame (40)
 y - a wand of charming (5)
Scrolls
 b - 6 scrolls of identify
 e - 2 scrolls of amnesia
 m - 2 scrolls of enchant weapon
 o - a scroll of fear
 q - 2 scrolls of revelation
 s - 2 scrolls of immolation
 B - a scroll of poison
 F - 3 scrolls of enchant armour
 G - a scroll of vulnerability
 I - a scroll of torment
Potions
 a - a potion of magic
 d - 2 potions of brilliance
 f - 2 potions of resistance
 k - 2 potions of curing
 l - 3 potions of attraction
 z - a potion of ambrosia
Miscellaneous
 v - a sack of spiders
 H - a condenser vane


   Skills:
 - Level 2.7 Fighting
 - Level 4.5 Dodging
 - Level 8.0 Stealth
 - Level 11.2 Unarmed Combat
 - Level 6.8 Spellcasting
 - Level 10.6 Summonings
 - Level 4.7 Ice Magic
 - Level 4.5 Air Magic
 + Level 4.8 Shapeshifting


You had 7 spell levels left.
You knew the following spells:

 Your Spells              Type           Power      Damage    Failure   Level
a - Summon Small Mammal   Summ           100%       N/A       1%          1
b - Call Imp              Summ           84%        N/A       1%          2
c - Call Canine Familiar  Summ           42%        N/A       1%          3
d - Summon Guardian Gole  Hex/Summ       23%        N/A       4%          3
e - Summon Ice Beast      Ice/Summ       32%        N/A       4%          4
f - Summon Lightning Spi  Summ/Air       31%        N/A       5%          4

Your spell library contained the following spells:

 Spells                   Type           Power      Damage    Failure   Level
 Static Discharge         Conj/Air       26%        3-5/arc   7%          2
 Cigotuvi's Dreadful Rot  Necr/Pois/Air  20%        N/A       10%         2
 Sting                    Tmut/Pois      20%        1d4       12%         1
 Airstrike                Air            10%        2d(2-18)  19%         4
 Gell's Gravitas          Tloc           5%         N/A       34%         3
 Teleport Other           Tloc           5%         N/A       34%         3
 Tukima's Dance           Hex            5%         N/A       34%         3
 Freezing Cloud           Conj/Ice/Air   8%         6-21      67%         5
 Anguish                  Hex/Necr       2%         N/A       75%         4
 Brom's Barrelling Bould  Conj/Erth      5%         2d3       75%         4
 Cause Fear               Hex            2%         N/A       75%         4
 Dimensional Bullseye     Hex/Tloc       2%         N/A       75%         4
 Dispel Undead            Necr           5%         3d7       75%         4
 Iskenderun's Mystic Bla  Conj/Tloc      5%         2d3       75%         4
 Leda's Liquefaction      Hex/Erth       2%         N/A       75%         4
 Fireball                 Conj/Fire      2%         3d4       97%         5
 Iskenderun's Battlesphe  Conj           5%         2d6       97%         5
 Lee's Rapid Deconstruct  Erth           2%         3d5*      97%         5
 Bombard                  Conj/Erth      2%         9d1       100%        6
 Conjure Ball Lightning   Conj/Air       6%         3x3d6     100%        6
 Death Channel            Necr           2%         N/A       100%        6
 Dispersal                Tloc           2%         N/A       100%        6
 Enfeeble                 Hex            2%         N/A       100%        7
 Orb of Destruction       Conj           2%         9d5       100%        7


Dungeon Overview and Level Annotations

Branches:
Dungeon (12/15)            Temple (1/1) D:5            Lair (0/5) D:11
    Orc (0/2) D:9

Altars:
Ashenzari
Cheibriados
Dithmenos
Elyvilon
Fedhas
Gozag
Hepliaklqana
Kikubaaqudgha
Makhleb
Nemelex Xobeh
Okawaru
Qazlal
Ru
Sif Muna
Trog
Uskayaw
Vehumet
Wu Jian
Xom
Yredelemnul
Zin
The Shining One

Shops:
D:1 [[   D:2 *   D:3 !   D:10 ?

Annotations:
D:3 2 transporters, ShellytheWitch's ghost, amateur KoBr
D:7 1 runed translucent door


Innate Abilities, Weirdness & Mutations

You cannot wear most types of armour.
You are amphibious.
You can wear up to eight rings at the same time.
Your skin changes colour to match your surroundings (Stealth+).
Your rubbery body absorbs attacks. (AC +1, EV +1)
((You are camouflaged when in or above water. (Stealth+)))
You have tentacles for arms and can constrict up to eight enemies at once.


Message History

You spin and attack the fire elemental repeatedly.
You tentacle-slap the fire elemental. You squeeze the fire elemental!
The fire elemental is almost destroyed.
You closely miss the fire elemental.
The fire elemental is almost destroyed.
The fire elemental misses your ice beast.
Your ice beast hits the fire elemental.
Your ice beast freezes the fire elemental!!
The fire elemental is frozen!
The fire elemental is destroyed!
The Council accepts your kill.
A basilisk comes into view.
You spin and attack the fire elemental.
You tentacle-slap the fire elemental but do no damage.
The fire elemental is moderately damaged.
Your ice beast hits the boulder beetle but does no damage.
The fire elemental completely misses you.
The boulder beetle is engulfed in blazing flames.
The boulder beetle bites your ice beast!!
The hell hound closely misses you.
You feel better. The fire elemental hits you.
* * * LOW HITPOINT WARNING * * *
The fire elemental burns you! You resist.
* * * LOW HITPOINT WARNING * * *
The hell hound closely misses you.
Your ice beast barely misses the boulder beetle.
The boulder beetle is engulfed in blazing flames.
The boulder beetle curls into a ball and begins rolling!
As you read the scroll of teleportation, it crumbles to dust.
You feel strangely unstable. The hell hound misses you.
The fire elemental hits you. The fire elemental burns you! You resist.
* * * LOW HITPOINT WARNING * * *
Your ice beast hits the boulder beetle but does no damage.
The boulder beetle hits your ice beast!
Your ice beast dies!
Your ice beast disappears in a puff of smoke!
The boulder beetle stops rolling and uncurls.
The hell hound breathes flames at you. The blast of flame hits you! You resist.
You die...

######## #......#
#.[....# #......#
#......# #......#
#...°§@#### #...BEh'..#
#.....l##'###### #
###'###........# # #.#
#........# #
#°###........# #
BE.#.........# #
h°°.#.........########
..○..+.................


You could see a boulder beetle, a basilisk, a fire elemental and a hell hound
(catching breath).

Vanquished Creatures
  Azrael (D:12)
  A deep elf pyromancer (D:7)
  An ugly thing (D:8)
  An unseen horror (D:7)
  Jeremiah (D:7)
  A hornet (D:11)
  A troll (D:6)
  2 slime creatures (D:8)
  A shadow (D:7)
  A yak (D:7)
  Duvessa (D:6)
  An acid dragon (D:7)
  A water moccasin (D:4)
  A sky beast (D:6)
  A hornet zombie (D:6)
  An orc warrior (D:8)
  An ogre (D:6)
  A phantom (D:4)
  3 centaurs
  2 kobold brigands (D:8)
  2 scorpions
  2 bullfrogs
  A wyvern zombie (D:6)
  A gnoll sergeant (D:9)
  Dowan (D:6)
  9 wights
  2 howler monkeys (D:7)
  A bullfrog zombie (D:6)
  A human zombie (D:6)
  A jelly (D:6)
  A hound (D:4)
  2 orc priests
  2 iron imps (D:3)
  A gnoll bouda (D:8)
  2 iguanas
  5 orc wizards (D:7)
  A killer bee zombie (D:6)
  5 adders
  11 gnolls
  5 white imps
  3 ufetubi (D:7)
  A worm (D:9)
  10 orcs
  5 ball pythons
  2 bats
  2 endoplasms (D:1)
  4 giant cockroaches
  3 goblins
  7 hobgoblins
  3 jackals (D:5)
  6 quokkas
  2 frilled lizards
  3 kobolds
  5 rats
136 creatures vanquished.

Vanquished Creatures (collateral kills)
  6 two-headed ogres
  A fire crab (D:11)
  An unseen horror (D:11)
  Sigmund (D:6)
  A fire elemental (D:12)
  3 yaks (D:9)
  An acid dragon (D:10)
  4 water moccasins
  A hornet zombie (D:6)
  4 orc warriors
  An ogre (D:5)
  4 centaurs
  A gnoll sergeant (D:8)
  4 scorpions
  A necrophage (D:6)
  4 wights
  2 howler monkeys (D:7)
  A bullfrog zombie (D:6)
  5 jellies
  3 orc priests
  An iron imp (D:3)
  6 orc wizards
  2 mummies (D:6)
  A howler monkey zombie (D:6)
  9 gnolls
  4 adders
  2 ufetubi (D:6)
  A worm (D:2)
  15 orcs
  4 endoplasms
  3 goblins
  5 hobgoblins
  A jackal (D:5)
  A quokka (D:4)
  2 ball pythons
  A bat (D:3)
  2 kobolds
  4 rats
113 creatures vanquished.

Vanquished Creatures (others)
  2 two-headed ogres
  An ugly thing (D:8)
  A manticore (D:7)
  Joseph (D:7)
  A troll (D:8)
  An acid dragon (D:7)
  A hell hound (D:12)
  A sky beast (D:8)
  A centaur (D:7)
  2 bullfrogs (D:8)
  A wight (D:7)
  A gnoll bouda (D:8)
  An orc wizard (D:8)
  A gnoll (D:8)
16 creatures vanquished.

Grand Total: 265 creatures vanquished

Notes
Turn   | Place    | Note
-------+----------+-------------------------------------------
     0 | D:1      | Crabhammer the Octopode Summoner began the quest for the
                  | Orb.
     0 | D:1      | Reached XP level 1. HP: 11/11 MP: 3/3
   111 | D:1      | Reached XP level 2. HP: 17/17 MP: 1/5
   161 | D:1      | Found Rasekhlegg's Antique Armour Boutique.
   506 | D:1      | Found Dekku's Antique Armour Shop.
   682 | D:2      | Learned a level 2 spell: Call Imp
   794 | D:2      | Reached skill level 1 in Unarmed Combat
   794 | D:2      | Reached XP level 3. HP: 19/21 MP: 2/6
  1438 | D:2      | Found Hanaupha's General Store.
  1493 | D:2      | Learned a level 3 spell: Call Canine Familiar
  2028 | D:2      | Reached XP level 4. HP: 18/27 MP: 4/7
  2573 | D:3      | Found an opulent altar of Gozag.
  2657 | D:3      | Found a transporter.
  2657 | D:3      | Noticed ShellytheWitch's ghost (amateur KoBr)
  2672 | D:3      | Found a transporter.
  2762 | D:3      | Reached skill level 5 in Summonings
  2820 | D:3      | Reached skill level 2 in Unarmed Combat
  2994 | D:3      | Found Sacoemyt's Distillery.
  2998 | D:3      | Bought a potion of lignification for 30 gold pieces
  2998 | D:3      | Bought a potion of heal wounds for 50 gold pieces
  2998 | D:3      | Bought a potion of curing for 30 gold pieces
  3095 | D:3      | Reached XP level 5. HP: 31/31 MP: 5/9
  3138 | D:3      | Found a burning altar of Makhleb.
  3338 | D:3      | Found a faded altar of an unknown god.
  3344 | D:3      | Found a shimmering altar of Xom.
  3473 | D:4      | Noticed a phantom
  3491 | D:4      | Killed a phantom
  3492 | D:4      | Reached skill level 3 in Unarmed Combat
  3492 | D:4      | Reached XP level 6. HP: 20/36 MP: 5/11
  3743 | D:4      | Found a glowing silver altar of Zin.
  4358 | D:4      | Noticed a water moccasin
  4372 | D:4      | Killed a water moccasin
  4460 | D:4      | Reached XP level 7. HP: 30/41 MP: 6/12
  4635 | D:5      | Entered Level 5 of the Dungeon
  4680 | D:5      | Reached skill level 4 in Unarmed Combat
  5204 | D:5      | Reached skill level 5 in Unarmed Combat
  5246 | D:5      | Found a broken altar of Ashenzari.
  5287 | D:5      | Found a staircase to the Ecumenical Temple.
  5293 | Temple   | Entered the Ecumenical Temple
  5326 | Temple   | Became a worshipper of the Wu Jian Council
  5413 | D:5      | Reached XP level 8. HP: 47/47 MP: 13/13
  5646 | D:5      | Reached skill level 1 in Fighting
  6085 | D:6      | Found an ancient bone altar of Kikubaaqudgha.
  6149 | D:6      | Reached skill level 6 in Unarmed Combat
  6529 | D:6      | Reached skill level 5 in Stealth
  6529 | D:6      | Reached skill level 7 in Unarmed Combat
  6641 | D:6      | Noticed Dowan
  6647 | D:6      | Noticed Duvessa
  7168 | D:6      | Reached XP level 9. HP: 8/53 MP: 6/14
  7352 | D:6      | Noticed Sigmund
  7552 | D:6      | Noticed a troll
  7677 | D:6      | Reached skill level 8 in Unarmed Combat
  7765 | D:6      | Killed Dowan
  7930 | D:6      | Killed a troll
  8636 | D:6      | Found a hazy altar of Hepliaklqana.
  8720 | D:6      | Killed Sigmund
  8983 | D:6      | Killed Duvessa
  8984 | D:6      | Reached skill level 9 in Unarmed Combat
  9141 | D:7      | Identified the of Paurph
  9587 | D:7      | Learned a level 3 spell: Summon Guardian Golem
  9624 | D:7      | Reached * piety under Wu Jian
  9869 | D:7      | Noticed Joseph
  9925 | D:7      | Killed Joseph
  9926 | D:7      | Reached XP level 10. HP: 22/61 MP: 4/16
 10283 | D:7      | Reached skill level 5 in Spellcasting
 10543 | D:7      | Found a sacrificial altar of Ru.
 10572 | D:7      | Noticed Jeremiah
 10712 | D:7      | Killed Jeremiah
 11092 | D:7      | Found a runed translucent door.
 11093 | D:7      | Noticed a two-headed ogre
 11093 | D:7      | Noticed a boulder beetle
 11400 | D:7      | Noticed a two-headed ogre
 11403 | D:7      | Noticed a deep elf pyromancer
 11489 | D:7      | Identified the +0 robe "Huhifare" {Fly Dex+2 Stlth-}
 11690 | D:7      | Killed a deep elf pyromancer
 11691 | D:7      | Reached skill level 10 in Unarmed Combat
 11821 | D:7      | Noticed a manticore
 11828 | D:7      | Killed a manticore
 11828 | D:7      | Reached ** piety under Wu Jian
 12151 | D:7      | Killed a two-headed ogre
 12751 | D:7      | HP: 2/61 [something (10)]
 12752 | D:7      | Killed an unseen horror
 12753 | D:7      | Reached XP level 11. HP: 2/66 MP: 3/21
 12963 | D:7      | Learned a level 4 spell: Summon Ice Beast
 12968 | D:7      | Learned a level 4 spell: Summon Lightning Spire
 13533 | D:8      | Reached skill level 1 in Shapeshifting
 13801 | D:8      | Noticed a white ugly thing
 13824 | D:8      | Killed a white ugly thing
 13931 | D:8      | Found a sparkling altar of Nemelex Xobeh.
 13975 | D:8      | Found a stormy altar of Qazlal.
 14145 | D:8      | Noticed a two-headed ogre
 14155 | D:8      | Killed a two-headed ogre
 14292 | D:8      | Noticed a green ugly thing
 14311 | D:8      | Killed a green ugly thing
 14324 | D:8      | Reached skill level 10 in Summonings
 14628 | D:8      | Reached *** piety under Wu Jian
 15170 | D:9      | Found a glowing golden altar of the Shining One.
 15182 | D:9      | Found a white marble altar of Elyvilon.
 15212 | D:9      | Reached skill level 11 in Unarmed Combat
 15338 | D:9      | Found a staircase to the Orcish Mines.
 16020 | D:9      | Found a snail-covered altar of Cheibriados.
 16082 | D:9      | Noticed a two-headed ogre
 16201 | D:9      | Killed a two-headed ogre
 16348 | D:10     | Entered Level 10 of the Dungeon
 16681 | D:10     | Found a bloodstained altar of Trog.
 16706 | D:10     | Found a hide-covered altar of Uskayaw.
 16717 | D:10     | Reached skill level 1 in Ice Magic
 16725 | D:10     | HP: 2/66 [orc priest/divine providence (13)]
 16937 | D:10     | Found Ininas's Magic Scroll Boutique.
 17106 | D:10     | Noticed a two-headed ogre
 17120 | D:10     | Killed a two-headed ogre
 17121 | D:10     | Reached skill level 1 in Air Magic
 17205 | D:10     | Noticed a two-headed ogre
 17216 | D:10     | Killed a two-headed ogre
 17217 | D:10     | Reached XP level 12. HP: 72/72 MP: 11/22
 17291 | D:10     | Found a shimmering blue altar of Sif Muna.
 17292 | D:10     | Noticed a two-headed ogre
 17308 | D:10     | Killed a two-headed ogre
 17622 | D:11     | Noticed a two-headed ogre
 17742 | D:11     | Killed a two-headed ogre
 17944 | D:11     | Found a staircase to the Lair.
 18364 | D:11     | Noticed a two-headed ogre
 18402 | D:11     | Killed a two-headed ogre
 18782 | D:12     | Noticed Azrael
 18782 | D:12     | Noticed a boulder beetle
 18798 | D:12     | Killed Azrael
 18803 | D:12     | Killed from afar by a hell hound

Illustrated notes

Levels and vault maps discovered:
D:1:      roderic_octagonal_star, layout_rooms, serial_shops,
          nicolae_shop_waterfront, shop_fountains,
          minmay_misc_feat_more_columns, st_stairs_6
D:2:      layout_basic, serial_shops, nicolae_shop_behind_doors
D:3:      layout_basic, amcnicky_altar_gilded, demons_altar,
          nicolae_overflow_ecumenical_swirl, serial_shops, shop,
          gammafunk_ghost_stat_death, grunt_ministairs_12,
          kennysheep_generic_room_5
D:4:      layout_loops_corners, mainiacjoe_overflow_small_starburst
D:5:      layout_basic, kennysheep_little_box, minmay_temple_entry_hall,
          chequers_jeans
D:6:      layout_loops_ring, lemuel_mausoleum_altar_kikubaaqudgha,
          nicolae_hepliaklqana_hippocampus, hangedman_abyss_or_decor_passed,
          nicolae_titane, uniq_duvessa, uniq_sigmund
D:7:      minmay_the_grid_triangle_9x9_rhombus_full
          [minmay_the_grid_triangle_9x9_sparse_checkered,
          minmay_the_grid_triangle_9x9_subtriangle,
          minmay_the_grid_triangle_9x9_semitri,
          minmay_the_grid_triangle_9x9_limited_checkers,
          minmay_the_grid_triangle_9x9_empty,
          minmay_the_grid_triangle_9x9_impossible_snake,
          minmay_the_grid_triangle_9x9_shrine,
          minmay_the_grid_triangle_9x9_prize_center], layout_rooms,
          nicolae_ru_awakened_eye, serial_corexii_hall, corexii_hall_statues_i,
          corexii_hall_statues_t, corexii_hall_statues_l,
          chequers_hall_statues_corner_a, chequers_hall_statues_wall_a,
          corexii_hall_statues_deadend, uniq_joseph, uniq_jeremiah
D:8:      minmay_opposing_rooms, layout_basic, nicolae_qazlal_style_of_elements,
          nemelex_diamond_rough_becter, minmay_three_doors
D:9:      layout_loops_ring, chei_slow_surprise, mainiacjoe_overflow_catwalk,
          tso_oasis_becter, orc_0_dummy
D:10:     layout_small_grid, mainiacjoe_overflow_six_doors_small,
          mainiacjoe_overflow_cross_hatched, kennysheep_mini_moat, serial_shops,
          shop
D:11:     layout_roguey, minmay_lair_entry_lava
D:12:     layout_basic, fungi_pond_lemuel, uniq_azrael
Temple:   hellmonk_temple_beads

Skill      XL: |  1  2  3  4  5  6  7  8  9 10 11 12 |
---------------+-------------------------------------+-----
Unarmed Combat | 1 2 3 5 7 9 10 11 | 11.2
Summonings     | 5 6 7 9 10 | 10.6
Spellcasting   | 3 4 6 |  6.8
Stealth        | 3 5 7 8 |  8.0
Fighting       | 1 2 |  2.7
Dodging        | 4 |  4.5
Shapeshifting  | 3 4 |  4.8
Ice Magic      | 3 4 |  4.7
Air Magic      | 1 4 |  4.5

Action                     |  1- 3 |  4- 6 |  7- 9 | 10-12 || total
---------------------------+-------+-------+-------+-------++-------
  Melee: Unarmed           |    66 |    87 |   142 |   185 ||   480
         Constrict         |    17 |    23 |    29 |    34 ||   103
         Tentacles         |    17 |    23 |    35 |    49 ||   124
         Punch             |       |     3 |     6 |    13 ||    22
   Cast: Summon Small Mamm |    25 |    10 |    20 |     7 ||    62
         Call Imp          |    15 |    18 |    57 |    53 ||   143
         Call Canine Famil |       |    15 |    73 |    99 ||   187
         Summon Guardian G |       |       |     2 |    44 ||    46
         Summon Lightning  |       |       |       |    30 ||    30
         Summon Ice Beast  |       |       |       |    10 ||    10
Ability: Lunge             |       |       |    21 |    33 ||    54
         Whirlwind         |       |       |       |    16 ||    16
    Use: Scroll            |     2 |     6 |     7 |    10 ||    25
         Potion            |       |     1 |     4 |     3 ||     8
   Stab: Sleeping          |     4 |     4 |     1 |     3 ||    12
         Distracted        |       |     3 |     3 |     8 ||    14
 Armour: Skin              |    22 |    30 |    85 |   109 ||   246
  Dodge: Dodged            |    38 |    36 |    77 |   133 ||   284

Table legend: (Time is in decaauts)
 A = Elapsed time spent in this place.
 B = Non-inter-level travel time spent in this place.
 C = Inter-level travel time spent in this place.
 D = Time resting spent in this place.
 E = Time spent auto-exploring this place.
 F = Levels seen in this place.
 G = Mean time per level.
                   A        B        C        D        E       F      G
               +--------+--------+--------+--------+--------+-----+--------+
         Total |  18748 |  17302 |   1446 |   6565 |   6157 |  13 | 1442.2 |
       Dungeon |  18681 |  17299 |   1382 |   6565 |   6157 |  12 | 1556.8 |
        Temple |     66 |      2 |     64 |      0 |      0 |   1 |   66.0 |
               +--------+--------+--------+--------+--------+-----+--------+

Top non-repeatable levels by time:
     D:7: 3778 daAuts
     D:6: 3080 daAuts
     D:8: 1984 daAuts
     D:5: 1536 daAuts
     D:2: 1434 daAuts
     D:3: 1346 daAuts
     D:9: 1276 daAuts
     D:4: 1202 daAuts
    D:10: 1112 daAuts
    D:11: 931 daAuts
     D:1: 677 daAuts
    D:12: 320 daAuts
  Temple: 66 daAuts
